 Dungeon Crawl Stone Soup version 0.30-a0-924-g0ad0bf95bc (webtiles) character file.

Game seed: 7595238970996562093

169 Pimp the Digger (level 5, -2/36 (38) HPs)
             Began as a Demonspawn Wanderer on Mar 22, 2023.
             Slain by a sleepcap (15 damage)
             ... on level 4 of the Dungeon.
             The game lasted 00:09:08 (3856 turns).

Pimp the Digger (Demonspawn Wanderer)               Turns: 3856, Time: 00:09:08

HP:   -2/36 (38)    AC:  6    Str: 12    XL:     5   Next: 25%
MP:   5/7           EV:  2    Int: 17    God:
Gold: 197           SH:  0    Dex: 11    Spells: 6/7 levels left

rFire   . . .      SeeInvis .    f - +1 great sword (vamp)
rCold   . . .      Faith    .    (shield currently unavailable)
rNeg    . . .      Spirit   .    h - +1 ring mail
rPois   .          Reflect  .    (helmet restricted)
rElec   .          Rampage  .    (no cloak)
rCorr   .                        (no gloves)
Will    .....                    (no boots)
Stlth   +                        g - amulet of regeneration
HPRegen 1.06/turn                (no ring)
MPRegen 0.10/turn                (no ring)

@: sleeping, drained
A: antennae 1, powered by death 1
a: no special abilities


You were on level 4 of the Dungeon.
You visited 1 branch of the dungeon, and saw 4 of its levels.

You collected 197 gold pieces.

Inventory:

Hand Weapons
 a - a +0 dagger
 e - a +2 mace of protection
 f - a +1 vampiric great sword (weapon)
 m - a +1 dagger of venom
Missiles
 s - 4 poisoned darts (quivered)
Armour
 c - a +0 robe
 d - a +0 buckler
 h - a +1 ring mail (worn)
Jewellery
 g - an amulet of regeneration (around neck)
Scrolls
 o - a scroll of fog {unknown}
 q - a scroll of fear
 t - 2 scrolls of teleportation {unknown}
 u - 2 scrolls of enchant weapon {unknown}
Potions
 b - 3 potions of haste
 i - a potion of lignification
 j - a potion of attraction {unknown}
 k - 2 potions of degeneration {unknown}
 l - 2 potions of resistance
 n - a potion of mutation {unknown}
 p - a potion of heal wounds {unknown}
 r - a potion of brilliance {unknown}


   Skills:
 + Level 1.7 Fighting
 * Level 1.1 Long Blades
 + Level 1.1 Armour
 + Level 1.7 Dodging
 - Level 1.5 Stealth
 + Level 1.9 Shields
 + Level 1.8 Spellcasting
 + Level 2.3 Translocations
 + Level 3.1 Earth Magic


You had 6 spell levels left.
You knew the following spells:

 Your Spells              Type           Power      Damage    Failure   Level
a - Sandblast             Erth           24%        2d8       12%         1

Your spell library contained the following spells:

 Spells                   Type           Power      Damage    Failure   Level
 Apportation              Tloc           18%        N/A       17%         1
 Freeze                   Ice            4%         1d3       41%         1
 Necrotise                Necr           4%         1d4       41%         1
 Teleport Other           Tloc           9%         N/A       45%         3
 Static Discharge         Conj/Air       2%         2-3/arc   56%         2
 Stone Arrow              Conj/Erth      12%        3d7       56%         3
 Vhi's Electric Charge    Tloc/Air       10%        N/A       63%         3
 Frozen Ramparts          Ice            2%         1d1       80%         3
 Hailstorm                Conj/Ice       1%         3d3       80%         3
 Vampiric Draining        Necr           1%         2d6       80%         3
 Leda's Liquefaction      Hex/Erth       3%         N/A       93%         4
 Agony                    Necr           1%         N/A       100%        5
 Arcjolt                  Conj/Air       0%         1d10      100%        5
 Plasma Beam              Fire/Air       0%         2x1d11    100%        5
 Chain Lightning          Conj/Air       0%         2d1       100%        9
 Fire Storm               Conj/Fire      0%         6d1       100%        9
 Shatter                  Erth           6%         3d9*      100%        9


Dungeon Overview and Level Annotations

Branches:
Dungeon (4/15)
 Temple: D:4-7

Altars:
Vehumet
Yredelemnul

Shops:
D:4 *


Innate Abilities, Weirdness & Mutations

You have a pair of small antennae on your head.
You regenerate a little health from kills.


Message History

Press: ? - help, Shift-Dir - straight line, f - sleepcap
Aim: a sleepcap (lightly damaged, 100% to hit)
The blast of sand hits the sleepcap.
The sleepcap is moderately damaged.
The sleepcap releases spores at you.
Casting: Sandblast (safe; 12% risk of failure)
Confirm with . or Enter, or press ? or * to list all spells.
Aiming: Sandblast (safe; 12% risk of failure)
Press: ? - help, Shift-Dir - straight line, f/p - sleepcap
Aim: a sleepcap (moderately damaged, 100% to hit)
The blast of sand hits the sleepcap.
The sleepcap is moderately damaged.
The sleepcap releases spores at you!
* * * LOW HITPOINT WARNING * * *
You are engulfed in a cloud of soporific spores!
You are unaffected.
The sleepcap releases spores at you but does no damage.
Unknown command.
Casting: Sandblast (safe; 12% risk of failure)
Confirm with . or Enter, or press ? or * to list all spells.
Aiming: Sandblast (safe; 12% risk of failure)
Press: ? - help, Shift-Dir - straight line, f/p - sleepcap
Aim: a sleepcap (moderately damaged, 100% to hit)
The blast of sand hits the sleepcap but does no damage.
The sleepcap is moderately damaged.
The sleepcap releases spores at you but does no damage.
You completely miss the sleepcap.
The sleepcap is moderately damaged.
The sleepcap barely misses you.
The sleepcap releases spores at you but does no damage.
You hit the sleepcap but do no damage.
The sleepcap is moderately damaged.
The sleepcap barely misses you.
You hit the sleepcap but do no damage.
The sleepcap is moderately damaged.
The sleepcap releases spores at you.
You are engulfed in a cloud of soporific spores!
You fall asleep.
The sleepcap releases spores at you!
You die...

...............# #......#
............^..# #......#
...............# #......#
##............## #......#
##...........# #......##
# #...>.......# #.......#
#
##..........#####.......#
# ##............##......#
##......####@ff......#
######## ###.####### ###


You could see 2 sleepcaps.

Vanquished Creatures
  A hound (D:4)
  3 adders (D:2)
  4 worms
  A dart slug (D:2)
  An orc (D:4)
  8 bats
  11 endoplasms
  7 giant cockroaches
  11 goblins
  7 hobgoblins
  7 kobolds
  5 quokkas
  8 ball pythons
  4 frilled lizards
  9 rats
  A spectral orc (D:4)
88 creatures vanquished.

Notes
Turn   | Place    | Note
-------+----------+-------------------------------------------
     0 | D:1      | Pimp the Demonspawn Wanderer began the quest for the Orb.
     0 | D:1      | Pimp set off with the following items: a +0 dagger, a
                  | potion of haste, a +0 robe, a +0 buckler; and the following
                  | spells available to memorise: Sandblast, Apportation,
                  | Teleport Other, Stone Arrow, Leda's Liquefaction.
     0 | D:1      | Reached XP level 1. HP: 15/15 MP: 2/2
     5 | D:1      | Learned a level 1 spell: Sandblast
   128 | D:1      | Gained mutation: You have a pair of small antennae on your
                  | head. [demonic ancestry]
   128 | D:1      | Reached XP level 2. HP: 21/21 MP: 3/3
   640 | D:1      | Reached XP level 3. HP: 22/26 MP: 5/5
  1103 | D:2      | HP: 1/39 [kobold/+0 dagger (3)]
  1353 | D:2      | Reached skill level 3 in Earth Magic
  1523 | D:2      | Found a faded altar of an unknown god.
  1588 | D:2      | Gained mutation: You regenerate a little health from kills.
                  | [demonic ancestry]
  1588 | D:2      | Reached XP level 4. HP: 22/32 MP: 4/6
  2991 | D:3      | Reached skill level 1 in Armour
  3462 | D:4      | Reached skill level 1 in Long Blades
  3471 | D:4      | Reached XP level 5. HP: 38/38 MP: 7/7
  3613 | D:4      | Found a basalt altar of Yredelemnul.
  3668 | D:4      | Found Paipob's General Store.
  3676 | D:4      | Found a radiant altar of Vehumet.
  3856 | D:4      | Slain by a sleepcap

Illustrated notes

Levels and vault maps discovered:
D:1:      lightli_arrival_statue_moat, layout_loops_ring
D:2:      minmay_razor_zed, layout_loops_ring, basic_ecumenical_altar,
          minmay_tetromino_i2
D:3:      layout_loops_ring
D:4:      layout_cave_pods, yredelemnul_forgotten_temple_becter,
          mainiacjoe_overflow_concentric_impassable, serial_shops, shop,
          kennysheep_donut

Skill      XL: |  1  2  3  4 |
---------------+-------------+-----
Translocations | 2 |  2.3
Earth Magic    | 3 |  3.1
Armour         | 1 |  1.1
Long Blades    | 1 |  1.1
Fighting       | |  1.7
Dodging        | |  1.7
Stealth        | |  1.5
Shields        | |  1.9
Spellcasting   | |  1.8

Action                     |  1- 3 |  4- 6 || total
---------------------------+-------+-------++-------
  Melee: Mace              |    18 |       ||    18
         Great sword       |    67 |   137 ||   204
   Cast: Sandblast         |    27 |    17 ||    44
    Use: Potion            |     3 |     1 ||     4
         Scroll            |       |     7 ||     7
   Stab: Sleeping          |     3 |     1 ||     4
 Armour: Robe              |    28 |       ||    28
         Skin              |    17 |       ||    17
         Ring mail         |    11 |   103 ||   114
  Dodge: Dodged            |    90 |   122 ||   212
  Block: Buckler           |     2 |       ||     2

Table legend: (Time is in decaauts)
 A = Elapsed time spent in this place.
 B = Non-inter-level travel time spent in this place.
 C = Inter-level travel time spent in this place.
 D = Time resting spent in this place.
 E = Time spent auto-exploring this place.
 F = Levels seen in this place.
 G = Mean time per level.
                   A        B        C        D        E       F      G
               +--------+--------+--------+--------+--------+-----+--------+
         Total |   4019 |   3903 |    116 |    972 |   1902 |   4 | 1004.8 |
       Dungeon |   4019 |   3903 |    116 |    972 |   1902 |   4 | 1004.8 |
               +--------+--------+--------+--------+--------+-----+--------+

Top non-repeatable levels by time:
     D:2: 1684 daAuts
     D:1: 1080 daAuts
     D:3: 733 daAuts
     D:4: 521 daAuts
